AoeStats
← priuslee

Oasis

510105283Analyzed
3v3 RM · 3d ago on Sep 29, 2026· 58m 47s· 6 players
Game mode
Random Map
Map size
Normal (6 player)
Population
200
Speed
Normal
Resources
Standard
Victory
Conquest
Starting age
Dark Age
Ending age
Imperial Age
RankedLock teamsTeams togetherTeam positionsShared explorationLock speedFull tech treeHidden civsTurbo modeCheats
Victory
Defeat
🇷🇴 Mongols · Romania
1000
+14
🇮🇪 Lithuanians · Ireland
962
+15
🇲🇽 Saxons · Mexico
925
+17
🇨🇳 Goths · China
960
-16
🇨🇳 Mongols · China
945
-15
🇨🇳 Saxons · China
937
-15
priuslee
6:17 Loom
8:57 Feudal Age
21:11 Castle Age
21:06 Padded Archer Armor
20:57 Fletching
21:05 Fletching
22:48 Thumb Ring
22:03 Crossbowman
22:10 Crossbowman
22:44 Double-Bit Axe
24:38 Wheelbarrow
23:48 Horse Collar
26:20 Bodkin Arrow
27:55 Squires
28:23 Bow Saw
28:57 Heavy Plow
29:26 Leather Archer Armor
31:41 Scale Mail Armor
31:51 Forging
33:31 Gambesons
33:32 Arson
38:20 Imperial Age
35:51 Gold Mining
35:51 Stone Mining
39:48 Thumb Ring
41:53 Ring Archer Armor
41:23 Bracer
42:25 Ballistics
43:17 Chemistry
42:21 Bracer
42:57 Iron Casting
42:38 Chain Mail Armor
44:53 Arbalester
45:28 Elite Varangian Guard
48:43 Conscription
50:18 Plate Mail Armor
51:22 Pikeman
56:53 Guard Tower
56:49 Arrowslits
57:16 Fortified Wall
Jilmo
7:08 Loom
11:42 Feudal Age
14:09 Man-at-Arms
15:37 Scale Mail Armor
19:34 Castle Age
18:47 Double-Bit Axe
19:39 Long Swordsman
22:08 Chain Mail Armor
22:04 Forging
23:02 Horse Collar
24:42 Forging
28:29 Squires
30:47 Town Watch
33:02 Wheelbarrow
32:36 Fletching
33:10 Stone Mining
39:41 Heavy Plow
43:51 Imperial Age
41:24 Gold Mining
42:38 Town Patrol
45:04 Elite Huskarl
45:47 Anarchy
46:54 Conscription
48:15 Hand Cart
49:56 Iron Casting
ZHINAR
9:41 Feudal Age
12:05 Double-Bit Axe
14:06 Horse Collar
17:01 Castle Age
17:49 Stone Mining
19:47 Loom
22:19 Fletching
24:30 Bow Saw
28:46 Heavy Plow
29:53 Padded Archer Armor
32:37 Imperial Age
31:20 Bloodlines
31:30 Leather Archer Armor
31:11 Bodkin Arrow
32:47 Gold Mining
33:43 Thumb Ring
34:33 Husbandry
35:36 Chemistry
34:43 Siege Engineers
34:50 Scale Barding Armor
36:18 Wheelbarrow
36:34 Gold Shaft Mining
36:35 Stone Shaft Mining
36:49 Elite Mangudai
39:23 Parthian Tactics
40:52 Conscription
41:13 Bracer
41:34 Chain Barding Armor
43:01 Forging
42:16 Light Cavalry
43:31 Drill
42:39 Capped Ram
44:25 Ballistics
43:51 Siege Ram
45:33 Iron Casting
45:18 Hussar
47:15 Onager
53:27 Blast Furnace
NordicPain
1:52 Loom
10:19 Feudal Age
16:40 Double-Bit Axe
16:46 Horse Collar
25:05 Castle Age
23:24 Fletching
23:26 Town Watch
24:12 Stone Mining
24:15 Gold Mining
25:14 Padded Archer Armor
26:20 Bow Saw
26:14 Heavy Plow
28:38 Bodkin Arrow
29:46 Elite Skirmisher
33:44 Wheelbarrow
34:15 Leather Archer Armor
36:27 Thumb Ring
38:07 Gold Shaft Mining
40:44 Imperial Age
39:27 Ballistics
41:01 Clerical Recruitment
41:54 Redemption
42:05 Sanctity
42:46 Conscription
42:59 Block Printing
44:04 Two-Man Saw
43:37 Crop Rotation
46:03 Chemistry
45:05 Bracer
46:53 Theocracy
45:56 Capped Ram
50:38 Pikeman
51:18 Squires
51:04 Gambesons
51:04 Arson
52:04 Ring Archer Armor
51:44 Forging
51:35 Scale Mail Armor
51:38 Halberdier
55:02 Caravan
55:33 Coinage
58:00 Illumination
58:04 Fortified Wall
58:05 Masonry
58:01 Siege Engineers
redjumper99
7:57 Loom
11:58 Feudal Age
12:47 Double-Bit Axe
14:07 Horse Collar
17:09 Bloodlines
22:47 Forging
22:43 Scale Barding Armor
26:36 Castle Age
24:47 Gold Mining
27:19 Heavy Plow
27:51 Bow Saw
27:17 Light Cavalry
27:57 Husbandry
29:03 Chain Barding Armor
29:22 Wheelbarrow
28:40 Town Watch
30:08 Fervor
32:44 Sanctity
34:03 Iron Casting
35:23 Stone Mining
36:58 Stone Shaft Mining
36:45 Hand Cart
44:39 Imperial Age
44:37 Caravan
44:45 Cavalier
47:30 Two-Man Saw
48:22 Hoardings
48:56 Conscription
51:14 Coinage
51:25 Paladin
54:15 Hill Forts
55:16 Crop Rotation
59:09 Plate Barding Armor
Clauzzz
6:59 Loom
11:36 Feudal Age
12:11 Double-Bit Axe
12:08 Horse Collar
13:46 Wheelbarrow
18:35 Castle Age
18:45 Bloodlines
19:50 Bow Saw
20:32 Light Cavalry
21:55 Scale Barding Armor
23:26 Fervor
30:24 Chain Barding Armor
30:10 Husbandry
32:11 Fletching
32:33 Forging
32:23 Padded Archer Armor
33:04 Hand Cart
33:35 Ballistics
34:45 Thumb Ring
34:37 Bodkin Arrow
39:33 Imperial Age
38:00 Masonry
38:09 Gold Mining
38:09 Stone Mining
39:35 Murder Holes
40:33 Gold Shaft Mining
41:22 Heavy Plow
41:26 Hussar
42:51 Bracer
43:28 Iron Casting
43:47 Parthian Tactics
44:29 Chemistry
44:41 Leather Archer Armor
44:59 Elite Mangudai
46:00 Conscription
46:18 Hoardings
50:01 Blast Furnace
49:33 Drill
51:38 Stone Shaft Mining
Connection lost

Rejoining the realm…

Still unreachable

The connection could not be restored.

Session expired

The server has moved on; the page needs a fresh start.